 Dungeon Crawl Stone Soup version 0.17-a0-1954-g0dddeaa (webtiles) character file.

37 wvc the Poker (level 3, -7/32 HPs)
             Began as a Naga Warper on Oct 3, 2015.
             Mangled by an ogre
             ... wielding a +0 giant club
              (16 damage)
             ... on level 2 of the Dungeon.
             The game lasted 00:02:20 (1195 turns).

wvc the Poker (Naga Warper)                         Turns: 1195, Time: 00:02:21

Health: -7/32      AC:  2    Str: 13    XL:     3   Next: 41%
Magic:  6/6        EV:  9    Int: 13    God:
Gold:   111        SH:  0    Dex: 11    Spells: 1 memorised, 5 levels left

rFire  + . .     SeeInvis +     q - +0 quarterstaff
rCold  . . .     Clarity  .     b - +0 leather armour
rNeg   . . .     SustAt   .     (no shield)
rPois  +         Gourm    .     (no helmet)
rElec  .         Spirit   .     (no cloak)
rCorr  .         Warding  .     (no gloves)
rMut   .         Stasis   .     (no barding)
MR     .....                    (no amulet)
Stlth  +.........               (no ring)
                                i - ring of protection from fire

@: short of breath, very slow, not resistant to hostile enchantments, very
unstealthy
A: see invisible, deformed body, poison resistance, slowness 2, slow metabolism
1, spit poison 2, AC +1
a: Spit Poison


You were on level 2 of the Dungeon.
You were not hungry.

You visited 1 branch of the dungeon, and saw 2 of its levels.

You collected 111 gold pieces.

Inventory:

Hand weapons
 a - a +0 spear
 q - a +0 quarterstaff (weapon)
Missiles
 e - 4 tomahawks of dispersal (quivered)
 g - 74 stones
Armour
 b - a +0 leather armour (worn)
Jewellery
 i - a ring of protection from fire (left hand)
Scrolls
 d - a scroll of blinking
 l - a scroll of fear
Potions
 h - a potion of magic
 j - a potion of curing {unknown}
 m - a potion of heal wounds {unknown}
Books
 c - a book of Spatial Translocations

   Spells                             Type                      Level
   a - Apportation                    Translocation                1
   b - Blink                          Translocation                2
   c - Shroud of Golubria             Charms/Translocation         2
   d - Portal Projectile              Translocation                3
   e - Teleport Other                 Translocation                3
   f - Passage of Golubria            Translocation                4
Comestibles
 f - 2 bread rations
 p - 4 fruits


   Skills:
 - Level 2.0 Fighting
 * Level 3.1 Polearms
 - Level 0.8 Throwing
 + Level 1.6 Armour
 - Level 1.5 Dodging
 - Level 2.0 Spellcasting
 - Level 3.0 Translocations


You had 5 spell levels left.
You knew the following spells:

 Your Spells              Type           Power        Failure   Level  Hunger
a - Apportation           Tloc           #.........   12%         1    ##.....


Dungeon Overview and Level Annotations

Branches:
Dungeon (2/15)

Altars:
The Shining One


Innate Abilities, Weirdness & Mutations

You cannot wear boots.
Your serpentine skin is tough (AC +1).
You have supernaturally acute eyesight.
Armour fits poorly on your strangely shaped body.
Your system is resistant to poisons.
You cover ground very slowly.
You have a slow metabolism.
You can spit poison.


Message History

You feel slightly more hungry.
You have got your breath back.
The ogre looks more healthy.
Use which ability?
Press: ? - help, Shift-Dir - straight line, f/p - ogre
Aim: an ogre, wielding a giant club (severely wounded)
The splash of poison hits the ogre.
The ogre is poisoned.
The ogre is severely wounded.
You feel slightly more hungry.
The ogre looks more healthy.
You hit the ogre.
The ogre is almost dead.
The ogre hits you with a giant club!!
Ouch! That really hurt!
* * * LOW HITPOINT WARNING * * *
Use which ability?
You can't do that yet.
The ogre hits you with a giant club!
Ouch! That really hurt!
You die...

##............. ###......###....[
#......### ##8... ##.....## ###.#
#......# #... ****** #...####
#._. *,,,.##* #.#.# #... *,**,..*
#.### #### *,*###.###
#@####*********###
*.##.....####O...#,,,,,,,,,#..
*................#,,,,**,,*#..
*#[......###.....#,,,,**,,*#..
*,#.............#***,,,,,*#..
***#.###....#......#**,,,,,,,#..
**,,.......<#####......,,,,,,,##.
*,,,..............#####,,,,,,,#..
*,,,...>..#.#####..,,,,,,....##.#


You could see an ogre.

Vanquished Creatures
  2 adders (D:2)
  A giant gecko (D:1)
  7 bats
  4 goblins
  2 giant newts
  4 kobolds
  2 rats
22 creatures vanquished.

Notes
Turn   | Place    | Note
--------------------------------------------------------------
     0 | D:1      | wvc the Naga Warper began the quest for the Orb.
     0 | D:1      | Reached XP level 1. HP: 19/19 MP: 3/3
    76 | D:1      | Reached skill level 1 in Armour
   279 | D:1      | Reached XP level 2. HP: 19/26 MP: 5/5
   696 | D:2      | Reached XP level 3. HP: 13/32 MP: 6/6
  1112 | D:2      | Found a glowing golden altar of the Shining One.
  1160 | D:2      | Noticed an ogre
  1195 | D:2      | Mangled by an ogre

Vault maps used:
D:1:      saegor_arrival_under_anarchy, moated_statue, minmay_splitting_lines
D:2:      nicolae_tso_carved_into_rock, first_bread, makhleb_altar_promises_db

Action                   || total
-------------------------++-------
Melee: Spear             ||    83
       Quarterstaff      ||     1
Throw: Tomahawk          ||     1
 Abil: Spit Poison       ||     3
  Use: Scroll            ||     5
